 Dungeon Crawl Stone Soup version 0.30-a0-134-gb40fab5c76 (webtiles) character file.

Game seed: 2513999423524625156

414 blackman the Chopper (level 6, -3/47 HPs)
             Began as a Demonspawn Fighter on Sept 19, 2022.
             Splashed by a jelly's acid (9 damage)
             ... on level 5 of the Dungeon.
             The game lasted 00:05:05 (4319 turns).

blackman the Chopper (Demonspawn Fighter)           Turns: 4319, Time: 00:05:05

Health: -3/47      AC: -3    Str: 18    XL:     6   Next: 60%
Magic:  6/6        EV: 11    Int:  9    God:
Gold:   206        SH:  4    Dex: 13    Spells: 5/5 levels left

rFire   . . .      SeeInvis +    a - +0 war axe
rCold   . . .      Faith    .    c - +0 buckler
rNeg    . . .      Spirit   .    b - +0 scale mail
rPois   .          Reflect  .    x - +0 helmet
rElec   .          Harm     .    (no cloak)
rCorr   .          Rampage  .    (no gloves)
Will    +....                    e - +0 pair of boots
Stlth   ..........               (no amulet)
HPRegen 0.15/turn                p - ring of see invisible
MPRegen 0.10/turn                m - ring of willpower

@: corroded
A: repulsion field 1, demonic guardian 1, weakness stinger 2
a: no special abilities


You were on level 5 of the Dungeon.
You visited 1 branch of the dungeon, and saw 5 of its levels.

You collected 206 gold pieces.

Inventory:

Hand Weapons
 a - a +0 war axe (weapon)
Missiles
 f - 6 boomerangs (quivered)
 k - 6 poisoned darts
Armour
 b - a +0 scale mail (worn)
 c - a +0 buckler (worn)
 e - a +0 pair of boots (worn)
 r - a +0 pair of gloves
 x - a +0 helmet (worn)
Magical Staves
 i - a staff of conjuration
Jewellery
 m - a ring of willpower (right hand)
 p - a ring of see invisible (left hand)
 w - a ring of magical power
Wands
 u - a wand of charming (8)
Scrolls
 j - 2 scrolls of magic mapping {unknown}
 n - 7 scrolls of identify {unknown}
 t - 2 scrolls of acquirement {unknown}
 v - 2 scrolls of enchant weapon {unknown}
Potions
 d - 4 potions of might
 g - 3 potions of lignification {unknown}
 h - 3 potions of curing {unknown}
 l - 2 potions of berserk rage {unknown}
 o - a potion of ambrosia {unknown}
 q - a potion of mutation {unknown}
 s - a potion of heal wounds {unknown}


   Skills:
 - Level 3.0 Fighting
 + Level 6.5 Axes
 - Level 2.6 Armour
 - Level 2.6 Shields


You had 5 spell levels left.
You didn't know any spells.
Your spell library contained the following spells:

 Spells                   Type           Power      Damage    Failure   Level
 Blink                    Tloc           0%         N/A       95%         2
 Manifold Assault         Tloc           0%         N/A       100%        4
 Storm Form               Tmut/Air       0%         N/A       100%        7


Dungeon Overview and Level Annotations

Branches:
Dungeon (5/15)
 Temple: D:4-7

Altars:


Innate Abilities, Weirdness & Mutations

You are surrounded by a mild repulsion field. (EV +2)
A weak demonic guardian rushes to your aid.
You have a tail ending in a sharp stinger.


Message History

Key pressed, stopping explore.
Key pressed, stopping explore.
Key pressed, stopping explore.
You now have 195 gold pieces (gained 10).
Found a stone staircase leading up.
You see here a jackal skeleton.
You see here an adder skeleton.
There is a stone staircase leading down here.
You climb downwards.
Found 11 gold pieces.
There is a stone staircase leading up here.
Found a stone staircase leading up.
You now have 206 gold pieces (gained 11).
Key pressed, stopping explore.
Key pressed, stopping explore.
A jelly comes into view.
The jelly quivers.
You hit the jelly but do no damage. The acid corrodes you!
Your hands burn!
You tail-slap the jelly.
The jelly is moderately wounded.
The jelly hits you. The acid corrodes you!
You are splashed with acid!
You hit the jelly but do no damage.
Your hands burn!
The jelly is moderately wounded.
The jelly hits you.
You are splashed with acid.
You are too injured to fight recklessly!
You are too injured to fight recklessly!
You are too injured to fight recklessly!
You are too injured to fight recklessly!
You hit the jelly.
Your hands burn!
The jelly is heavily wounded.
The jelly hits you. The acid corrodes you!
You are splashed with acid.
* * * LOW HITPOINT WARNING * * *
You hit the jelly.
Your hands burn!
* * * LOW HITPOINT WARNING * * *
A demonic guardian appears!
The jelly is severely wounded.
The jelly hits you.
* * * LOW HITPOINT WARNING * * *
You are splashed with acid!
You die...

.# .# ###.#####
#.......# #.......#
################.......#
.......................#
################@.$....#
#J......# #.5.....#
#...?...# #.......#
#.......# #########


You could see a jelly (ally target) and a friendly white imp (summoned).

Vanquished Creatures
  A scorpion (D:4)
  4 hounds (D:4)
  2 iguanas (D:4)
  4 gnolls (D:3)
  7 adders
  2 dart slugs
  3 orcs (D:4)
  10 ball pythons
  3 bats
  5 endoplasms
  3 giant cockroaches
  5 goblins
  6 hobgoblins
  7 jackals
  5 quokkas
  A frilled lizard (D:1)
  4 kobolds
  9 rats
81 creatures vanquished.

Notes
Turn   | Place    | Note
-------+----------+-------------------------------------------
     0 | D:1      | blackman the Demonspawn Fighter began the quest for the
                  | Orb.
     0 | D:1      | Reached XP level 1. HP: 18/18 MP: 1/1
   186 | D:1      | Reached skill level 2 in Axes
   532 | D:1      | Gained mutation: You have a small tail. [demonic ancestry]
   532 | D:1      | Reached XP level 2. HP: 24/24 MP: 2/2
  1051 | D:1      | Reached skill level 3 in Axes
  1556 | D:2      | Reached XP level 3. HP: 28/29 MP: 3/3
  2245 | D:2      | Identified the +0 robe of Mordant Amelioration {*Corrode
                  | rF- rN+ Dex+6}
  2462 | D:3      | Gained mutation: You are surrounded by a mild repulsion
                  | field. (EV +2) [demonic ancestry]
  2462 | D:3      | Reached XP level 4. HP: 16/35 MP: 4/4
  2618 | D:3      | Reached skill level 4 in Axes
  2925 | D:3      | Gained mutation: A weak demonic guardian rushes to your
                  | aid. [demonic ancestry]
  2925 | D:3      | Reached XP level 5. HP: 40/41 MP: 5/5
  3298 | D:4      | Reached skill level 5 in Axes
  3434 | D:4      | Gained mutation: You have a tail ending in a sharp stinger.
                  | [demonic ancestry]
  3434 | D:4      | Reached XP level 6. HP: 28/47 MP: 6/6
  3620 | D:4      | Reached skill level 6 in Axes
  4288 | D:5      | Entered Level 5 of the Dungeon
  4319 | D:5      | Splashed by a jelly's acid

Illustrated notes

Levels and vault maps discovered:
D:1:      dpeg_arrival_lava_temple_mockup, layout_loops_ring,
          minmay_tetromino_t4
D:2:      layout_loops_ring
D:3:      wander_river, layout_rooms, serial_glass, glass_columns_c,
          glass_columns_b, item_on_display_a, due_unseen_surprise,
          feat_on_display, item_on_display_a, small_statue_intersection
D:4:      layout_basic, hangedman_abyss_or_decor_stabs
D:5:      layout_rooms, mainiacjoe_overflow_alcove_1, okawaru_altar_gauntlet_db,
          serial_shops, shop

Skill      XL: |  1  2  3  4  5  6 |
---------------+-------------------+-----
Axes           | 2 3 4 5 6 |  6.5
Fighting       | |  3.0
Armour         | |  2.6
Shields        | |  2.6

Action                   |  1- 3 |  4- 6 || total
-------------------------+-------+-------++-------
Melee: War axe           |    93 |   106 ||   199
       Tailslap          |    10 |    15 ||    25
Throw: Boomerang         |       |     1 ||     1
  Use: Scroll            |       |     1 ||     1
Armor: Scale mail        |    51 |    51 ||   102
Dodge: Dodged            |    48 |    74 ||   122
Block: Buckler           |    23 |    23 ||    46

Table legend: (Time is in decaauts)
 A = Elapsed time spent in this place.
 B = Non-inter-level travel time spent in this place.
 C = Inter-level travel time spent in this place.
 D = Time resting spent in this place.
 E = Time spent auto-exploring this place.
 F = Levels seen in this place.
 G = Mean time per level.
                   A        B        C        D        E       F      G
               +--------+--------+--------+--------+--------+-----+--------+
         Total |   4397 |   4284 |    113 |    338 |   3422 |   5 |  879.4 |
       Dungeon |   4397 |   4284 |    113 |    338 |   3422 |   5 |  879.4 |
               +--------+--------+--------+--------+--------+-----+--------+

Top non-repeatable levels by time:
     D:1: 1413 daAuts
     D:4: 1057 daAuts
     D:3: 1019 daAuts
     D:2: 875 daAuts
     D:5: 31 daAuts
